DBL
TORONTO BLUE JAYS @ NEW YORK METS
07/01/1997
 
TOP OF THE 1ST
Toronto Blue Jays batting - Pitching for New York Mets : LHP Tom Glavine
Pitching: LHP Tom Glavine
Batting: RHB Derek Jeter 0-0: Ball
1-0: Called Strike
1-1: Ball
2-1: Foul Ball, location: 2F
2-2: Strikes out swinging
Batting: LHB Will Clark 0-0: Ball
1-0: Ball
2-0: Ball
3-0: SINGLE (Line Drive, 8LS, EV 95.0 MPH)
Batting: RHB Mark McGwire 0-0: Ball
1-0: Foul Ball, location: 2F
1-1: Swinging Strike
1-2: Ball
2-2: Ball
3-2: Fly out, F4 (Popup, 4M, EV 60.6 MPH)
Batting: RHB Ellis Burks 0-0: Called Strike
0-1: Called Strike
0-2: Ball
1-2: Strikes out swinging
Top of the 1st over - 0 runs, 1 hit, 0 errors, 1 left on base; Toronto 0 - New York 0
BOTTOM OF THE 1ST
New York Mets batting - Pitching for Toronto Blue Jays : RHP Hipolito Pichardo
Pitching: RHP Hipolito Pichardo
Batting: LHB Cliff Floyd 0-0: Ball
1-0: SINGLE (Flyball, 78S, EV 86.3 MPH)
Batting: LHB Tony Tarasco 0-0: Ball
1-0: Called Strike
1-1: Ball
2-1: Foul Ball, location: 2F
2-2: Foul Ball, location: 2F
2-2: Fly out, F7 (Flyball, 78M, EV 96.3 MPH)
Batting: RHB Gary Sheffield 0-0: Ball
1-0: Called Strike
Cliff Floyd steals 2nd base (no throw)
1-1: Swinging Strike
1-2: Ball
2-2: Ground out 6-3 (Groundball, 6, EV 86.3 MPH)
Cliff Floyd to third
Batting: RHB Sammy Sosa 0-0: Called Strike
0-1: Fly out, F8 (Flyball, 8LM, EV 82.5 MPH)
Bottom of the 1st over - 0 runs, 1 hit, 0 errors, 1 left on base; Toronto 0 - New York 0
TOP OF THE 2ND
Toronto Blue Jays batting - Pitching for New York Mets : LHP Tom Glavine
Batting: RHB Dante Bichette 0-0: Ground out 4-3 (Groundball, 4M, EV 84.4 MPH)
Batting: RHB Dean Palmer 0-0: Called Strike
0-1: Swinging Strike
0-2: Strikes out swinging
Batting: RHB Jay Bell 0-0: Ball
1-0: Swinging Strike
1-1: Foul Ball, location: 2F
1-2: Foul Ball, location: 2F
1-2: Ball
2-2: Foul Ball, location: 2F
2-2: Foul Ball, location: 2F
2-2: Fly out, F8 (Flyball, 78D, EV 100.6 MPH)
Top of the 2nd over - 0 runs, 0 hits, 0 errors, 0 left on base; Toronto 0 - New York 0
BOTTOM OF THE 2ND
New York Mets batting - Pitching for Toronto Blue Jays : RHP Hipolito Pichardo
Batting: RHB Phil Nevin 0-0: Reached on error, E5 (Groundball, 56, EV 80.6 MPH)
Batting: RHB Olmedo Saenz 0-0: Called Strike
0-1: Ball
1-1: Ball
2-1: SINGLE (Flyball, 78M, EV 91.3 MPH)
Phil Nevin to second
Batting: RHB Bret Boone 0-0: Ball
1-0: Foul Ball, location: 2F
1-1: Swinging Strike
1-2: Fielders Choice at 2nd, 5-4 (Groundball, 56S, EV 85.0 MPH)
Phil Nevin to third
Batting: LHB B.J. Surhoff 0-0: Foul Ball, location: 2F
0-1: Ball
1-1: Swinging Strike
1-2: Strikes out swinging
Batting: RHB Cecil Fielder 0-0: Called Strike
Bret Boone steals 2nd base
0-1: Ball
1-1: Ball
2-1: Ground out 4-3 (Groundball, 4, EV 83.1 MPH)
Bottom of the 2nd over - 0 runs, 1 hit, 1 error, 2 left on base; Toronto 0 - New York 0
TOP OF THE 3RD
Toronto Blue Jays batting - Pitching for New York Mets : LHP Tom Glavine
Batting: RHB Joe Oliver 0-0: Called Strike
0-1: Swinging Strike
0-2: Strikes out swinging
Batting: RHB Darrin Jackson 0-0: Called Strike
0-1: Ball
1-1: Foul Ball, location: 2F
1-2: Ball
2-2: Fly out, F9 (Flyball, 9, EV 88.1 MPH)
Batting: RHB Derek Jeter 0-0: Called Strike
0-1: Foul Ball, location: 2F
0-2: DOUBLE (Flyball, 8RXD, EV 92.5 MPH)
Batting: LHB Will Clark 0-0: Swinging Strike
0-1: Swinging Strike
0-2: Strikes out looking
Top of the 3rd over - 0 runs, 1 hit, 0 errors, 1 left on base; Toronto 0 - New York 0
BOTTOM OF THE 3RD
New York Mets batting - Pitching for Toronto Blue Jays : RHP Hipolito Pichardo
Batting: LHB Cliff Floyd 0-0: Bunted foul
0-1: Ball
1-1: Reached on error, E4 (Groundball, 4, EV 83.8 MPH)
Batting: LHB Tony Tarasco 0-0: Ball
1-0: Ball
Wild Pitch!
Cliff Floyd to second
2-0: Ground out U3 (Groundball, 3, EV 75.6 MPH)
Cliff Floyd to third
Batting: RHB Gary Sheffield 0-0: Foul Ball, location: 2F
0-1: Swinging Strike
0-2: Ball
1-2: Foul Ball, location: 2F
1-2: Ball
2-2: Ground out 5-3 (Groundball, 56S, EV 91.3 MPH)
Cliff Floyd scores
Batting: RHB Sammy Sosa 0-0: Called Strike
0-1: Ball
1-1: Ball
2-1: DOUBLE (Flyball, 8LXD, EV 110.6 MPH)
Batting: RHB Phil Nevin 0-0: Foul Ball, location: 2F
0-1: Foul Ball, location: 2F
0-2: Ball
1-2: SINGLE (Line Drive, 4D, EV 106.3 MPH)
Sammy Sosa to third
Throwing error, E8
Sammy Sosa scores
Phil Nevin to second
Batting: RHB Olmedo Saenz 0-0: Ground out 6-3 (Groundball, 6M, EV 81.3 MPH)
Bottom of the 3rd over - 2 runs, 2 hits, 2 errors, 1 left on base; Toronto 0 - New York 2
TOP OF THE 4TH
Toronto Blue Jays batting - Pitching for New York Mets : LHP Tom Glavine
Batting: RHB Mark McGwire 0-0: Ball
1-0: Foul Ball, location: 2F
1-1: Ball
2-1: Swinging Strike
2-2: Foul Ball, location: 2F
2-2: Ball
3-2: Foul Ball, location: 2F
3-2: Foul Ball, location: 2F
3-2: Strikes out swinging, 2-3 out at first.
Batting: RHB Ellis Burks 0-0: Called Strike
0-1: Ball
1-1: Ground out 4-3 (Groundball, 4MS, EV 63.8 MPH)
Batting: RHB Dante Bichette 0-0: Ball
1-0: Ball
2-0: Ground out 5-3 (Groundball, 56, EV 102.5 MPH)
Top of the 4th over - 0 runs, 0 hits, 0 errors, 0 left on base; Toronto 0 - New York 2
BOTTOM OF THE 4TH
New York Mets batting - Pitching for Toronto Blue Jays : RHP Hipolito Pichardo
Batting: RHB Bret Boone 0-0: Called Strike
0-1: Ball
1-1: Foul Ball, location: 2F
1-2: Foul Ball, location: 2F
1-2: Fly out, F9 (Flyball, 9, EV 81.9 MPH)
Batting: LHB B.J. Surhoff 0-0: Ball
1-0: SINGLE (Groundball, 4D, EV 100.0 MPH)
Batting: RHB Cecil Fielder 0-0: Called Strike
0-1: Ball
1-1: Called Strike
1-2: Foul Ball, location: 2F
1-2: Fly out, F7 (Flyball, 7LSF, EV 89.4 MPH)
Batting: LHB Cliff Floyd 0-0: Ball
1-0: Called Strike
1-1: Ball
2-1: DOUBLE (Line Drive, 78D, EV 107.5 MPH)
B.J. Surhoff to third
Batting: LHB Tony Tarasco 0-0: Called Strike
0-1: Ball
1-1: Ball
2-1: DOUBLE (Flyball, 8RXD, EV 95.0 MPH)
B.J. Surhoff scores
Cliff Floyd scores
Batting: RHB Gary Sheffield 0-0: Called Strike
0-1: Ball
1-1: Called Strike
1-2: Ball
2-2: Strikes out looking
Bottom of the 4th over - 2 runs, 3 hits, 0 errors, 1 left on base; Toronto 0 - New York 4
TOP OF THE 5TH
Toronto Blue Jays batting - Pitching for New York Mets : LHP Tom Glavine
Batting: RHB Dean Palmer 0-0: Ball
1-0: Foul Ball, location: 2F
1-1: Ground out 6-3 (Groundball, 6, EV 110.0 MPH)
Batting: RHB Jay Bell 0-0: Called Strike
0-1: Ball
1-1: Ball
2-1: Ball
3-1: Swinging Strike
3-2: Strikes out swinging
Batting: RHB Joe Oliver 0-0: Ball
1-0: Foul Ball, location: 2F
1-1: Foul Ball, location: 2F
1-2: Foul Ball, location: 2F
1-2: Ball
2-2: Ball
3-2: Ground out 4-3 (Groundball, 4, EV 84.4 MPH)
Top of the 5th over - 0 runs, 0 hits, 0 errors, 0 left on base; Toronto 0 - New York 4
BOTTOM OF THE 5TH
New York Mets batting - Pitching for Toronto Blue Jays : RHP Hipolito Pichardo
Batting: RHB Sammy Sosa 0-0: Swinging Strike
0-1: Foul Ball, location: 2F
0-2: Strikes out looking
Batting: RHB Phil Nevin 0-0: Foul Ball, location: 2F
0-1: Ground out 6-3 (Groundball, 6, EV 105.0 MPH)
Batting: RHB Olmedo Saenz 0-0: DOUBLE (Flyball, 78D, EV 93.1 MPH)
Batting: RHB Bret Boone 0-0: Called Strike
0-1: SINGLE (Line Drive, 6D, EV 100.6 MPH)
Olmedo Saenz to third
Runner from 3rd tries for Home, throw by CF and OUT! 8-2
Bottom of the 5th over - 0 runs, 2 hits, 0 errors, 1 left on base; Toronto 0 - New York 4
TOP OF THE 6TH
Toronto Blue Jays batting - Pitching for New York Mets : LHP Tom Glavine
Batting: RHB Darrin Jackson 0-0: Called Strike
0-1: Fly out, F7 (Flyball, 7, EV 75.0 MPH)
Batting: RHB Derek Jeter 0-0: Swinging Strike
0-1: Ground out 6-3 (Groundball, 6, EV 105.6 MPH)
Batting: LHB Will Clark 0-0: Foul Ball, location: 2F
0-1: DOUBLE (Line Drive, 78XD, EV 106.9 MPH)
Batting: RHB Mark McGwire 0-0: Swinging Strike
0-1: Swinging Strike
0-2: Ball
1-2: Ball
2-2: Foul Ball, location: 2F
2-2: Foul Ball, location: 2F
2-2: Foul Ball, location: 2F
2-2: Foul Ball, location: 2F
2-2: Ball
3-2: Foul Ball, location: 2F
3-2: Fly out, F7 (Flyball, 7S, EV 86.3 MPH)
Top of the 6th over - 0 runs, 1 hit, 0 errors, 1 left on base; Toronto 0 - New York 4
BOTTOM OF THE 6TH
New York Mets batting - Pitching for Toronto Blue Jays : RHP Hipolito Pichardo
Batting: LHB B.J. Surhoff 0-0: Called Strike
0-1: Ball
1-1: Swinging Strike
1-2: Ground out U3 (Groundball, 3, EV 85.6 MPH)
Batting: RHB Cecil Fielder 0-0: Ball
1-0: Foul Ball, location: 2F
1-1: Called Strike
1-2: Strikes out swinging
Batting: LHB Cliff Floyd 0-0: Swinging Strike
0-1: Foul Ball, location: 2F
0-2: Ball
1-2: Strikes out swinging
Bottom of the 6th over - 0 runs, 0 hits, 0 errors, 0 left on base; Toronto 0 - New York 4
TOP OF THE 7TH
Toronto Blue Jays batting - Pitching for New York Mets : LHP Tom Glavine
Batting: RHB Ellis Burks 0-0: Called Strike
0-1: Ball
1-1: Ball
2-1: Fly out, F9 (Line Drive, 9, EV 97.5 MPH)
Batting: RHB Dante Bichette 0-0: Called Strike
0-1: DOUBLE (Line Drive, 89M, EV 103.8 MPH)
Batting: RHB Dean Palmer 0-0: Called Strike
0-1: SINGLE (Line Drive, 34D, EV 99.4 MPH)
Dante Bichette to third
Batting: RHB Jay Bell 0-0: Called Strike
0-1: Ball
1-1: Ball
2-1: Grounds into double play, 6-4-3 (Groundball, 6, EV 86.9 MPH)
Top of the 7th over - 0 runs, 2 hits, 0 errors, 1 left on base; Toronto 0 - New York 4
BOTTOM OF THE 7TH
New York Mets batting - Pitching for Toronto Blue Jays : RHP Hipolito Pichardo
Batting: LHB Tony Tarasco 0-0: Ball
1-0: Called Strike
1-1: Called Strike
1-2: Strikes out swinging
Batting: RHB Gary Sheffield 0-0: Ball
1-0: Swinging Strike
1-1: Foul Ball, location: 2F
1-2: Strikes out swinging, 2-3 out at first.
Batting: RHB Sammy Sosa 0-0: Fly out, F8 (Flyball, 8LS, EV 81.9 MPH)
Bottom of the 7th over - 0 runs, 0 hits, 0 errors, 0 left on base; Toronto 0 - New York 4
TOP OF THE 8TH
Toronto Blue Jays batting - Pitching for New York Mets : LHP Tom Glavine
Batting: RHB Joe Oliver 0-0: Swinging Strike
0-1: Ball
1-1: Foul Ball, location: 2F
1-2: Strikes out swinging
Batting: RHB Darrin Jackson 0-0: Called Strike
0-1: Foul Ball, location: 2F
0-2: Fly out, F9 (Flyball, 89D, EV 75.6 MPH)
Batting: RHB Derek Jeter 0-0: Called Strike
0-1: Ball
1-1: Ball
2-1: Foul Ball, location: 2F
2-2: Ball
3-2: Base on Balls
Batting: LHB Will Clark 0-0: Ball
1-0: Called Strike
1-1: Fly out, F5 (Popup, 56S, EV 66.9 MPH)
Top of the 8th over - 0 runs, 0 hits, 0 errors, 1 left on base; Toronto 0 - New York 4
BOTTOM OF THE 8TH
New York Mets batting - Pitching for Toronto Blue Jays : RHP Hipolito Pichardo
Batting: RHB Phil Nevin 0-0: Ball
1-0: Ball
2-0: Ball
3-0: Base on Balls
Pitching: RHP Frank Wills
Batting: RHB Olmedo Saenz 0-0: Called Strike
0-1: Ball
1-1: Foul Ball, location: 2F
1-2: Strikes out swinging
Batting: RHB Bret Boone 0-0: Ball
1-0: Fielders Choice at 2nd, 5-4 (Groundball, 56, EV 80.6 MPH)
Batting: LHB B.J. Surhoff 0-0: Ball
1-0: Called Strike
1-1: Ball
2-1: Ball
3-1: Base on Balls
Bret Boone to second
Batting: RHB Cecil Fielder 0-0: Called Strike
0-1: Ball
1-1: Called Strike
1-2: Strikes out swinging
Bottom of the 8th over - 0 runs, 0 hits, 0 errors, 2 left on base; Toronto 0 - New York 4
TOP OF THE 9TH
Toronto Blue Jays batting - Pitching for New York Mets : LHP Tom Glavine
Batting: RHB Mark McGwire 0-0: Called Strike
0-1: Ball
1-1: Swinging Strike
1-2: Ball
2-2: Ball
3-2: Ground out 6-3 (Groundball, 6, EV 82.5 MPH)
Batting: RHB Ellis Burks 0-0: Called Strike
0-1: DOUBLE (Flyball, 78D, EV 102.5 MPH)
Pitching: RHP Jim Bullinger
Batting: RHB Dante Bichette 0-0: Called Strike
0-1: Ball
1-1: Swinging Strike
1-2: Ball
2-2: Strikes out swinging
Batting: RHB Dean Palmer 0-0: Ball
1-0: Ground out 6-3 (Groundball, 6, EV 81.3 MPH)
Top of the 9th over - 0 runs, 1 hit, 0 errors, 1 left on base; Toronto 0 - New York 4
Wednesday, March 4th, 2026 - OOTP Baseball 20.8 Build 74